 Dungeon Crawl Stone Soup version 0.27.1-2-g3b301248ec (webtiles) character file.

Game seed: 16410541498106504049

501 fortune76 the Bolt Thrower (level 7, -2/36 HPs)
             Began as a Kobold Hunter on Sept 25, 2021.
             Was a Priest of Hepliaklqana.
             Slain by an ice beast (10 damage)
             ... on level 5 of the Dungeon.
             The game lasted 00:46:47 (4460 turns).

fortune76 the Bolt Thrower (Kobold Hunter)          Turns: 4460, Time: 00:46:48

Health: -2/36      AC:  5    Str: 10    XL:     7   Next: 40%
Magic:  10/13      EV: 14    Int: 12    God:    Hepliaklqana [***...]
Gold:   130        SH:  0    Dex: 17    Spells: 8/14 levels left

rFire    . . .     SeeInvis .   b - +1 dagger (speed)
rCold    . . .     Faith    .   (shield restricted)
rNeg     . . .     Spirit   .   c - +0 leather armour
rPois    .         Reflect  .   y - +0 helmet
rElec    .         Harm     .   (no cloak)
rCorr    .         Rampage  .   A - +0 pair of gloves
Will     .....                  (no boots)
Stlth    ++++......             (no amulet)
HPRegen  0.12/turn              (no ring)
MPRegen  0.13/turn              (no ring)

@: no status effects
A: reduced essence, small, no large weapons, nightstalker 3
a: Renounce Religion, Recall Ancestor, Ancestor Identity, Transference


You were on level 5 of the Dungeon.
You worshipped Hepliaklqana.
Hepliaklqana was most pleased with you.
You visited 1 branch of the dungeon, and saw 5 of its levels.

You collected 130 gold pieces.

Inventory:

Hand Weapons
 a - a +1 hand crossbow
 b - a +1 dagger of speed (weapon)
 g - a +1 short sword of holy wrath
 i - a +0 dagger of protection
 o - a +0 short sword
Missiles
 d - 103 bolts
 e - 51 arrows
 h - 30 sling bullets
 p - 11 poisoned darts (quivered)
 t - 2 boomerangs
Armour
 c - a +0 leather armour (worn)
 y - a +0 helmet (worn)
 A - a +0 pair of gloves (worn)
Scrolls
 f - 2 scrolls of teleportation {unknown}
 j - a scroll of immolation {unknown}
 k - 3 scrolls of identify
 l - a scroll of amnesia {unknown}
 q - a scroll of noise {unknown}
 u - a scroll of fog {unknown}
 x - a scroll of blinking {unknown}
Potions
 m - a potion of cancellation {unknown}
 n - a potion of mutation {unknown}
 r - a potion of heal wounds {unknown}
 s - a potion of invisibility {unknown}
 v - a potion of might {unknown}
 w - 3 potions of curing
 z - a potion of lignification {unknown}


   Skills:
 - Level 2.1 Fighting
 - Level 2.0 Short Blades
 - Level 6.0 Crossbows
 + Level 2.8 Dodging
 - Level 5.0 Stealth
 - Level 4.0 Spellcasting
 - Level 3.0 Summonings


You had 8 spell levels left.
You knew the following spells:

 Your Spells              Type           Power      Damage    Failure   Level
a - Spider Form           Tmut/Pois      1%         N/A       65%         3
b - Call Canine Familiar  Summ           9%         N/A       26%         3

Your spell library contained the following spells:

 Spells                   Type           Power      Damage    Failure   Level
 Beastly Appendage        Tmut           4%         N/A       30%         1
 Freeze                   Ice            8%         1d3       30%         1
 Wereblood                Tmut           2%         N/A       41%         2
 Frozen Ramparts          Ice            4%         1d2       65%         3
 Portal Projectile        Hex/Tloc       4%         N/A       65%         3
 Hailstorm                Conj/Ice       2%         3d3       96%         4
 Leda's Liquefaction      Hex/Erth       1%         N/A       96%         4


Dungeon Overview and Level Annotations

Branches:
Dungeon (5/15)             Temple (0/1) D:5

Altars:
Ashenzari
Hepliaklqana


Innate Abilities, Weirdness & Mutations

Your life essence is reduced to manifest your ancestor. (-10% HP)
You are small and have problems with some larger weapons.
You are completely attuned to the shadows.


Message History

You swap places.
Ancestor HP restored.
Magic restored.
d - 84 bolts (gained 1)
Found 19 bolts.
Your hound disappears in a puff of smoke!
d - 103 bolts (gained 19)
A scorpion comes into view.
The helpless scorpion fails to defend itself.
You impale the scorpion!!
You kill the scorpion!
Training target 3.0 for Summonings reached!
Your Summonings skill increases to level 3!
You need to enable at least one skill for training.
Found a hunting sling.
An ice beast and a gnoll sergeant come into view.
Found a scroll of identify and a scroll labelled ILLANI MIOREE.
Casting: Call Canine Familiar (quite dangerous; 26% risk of failure)
Confirm with . or Enter, or press ? or * to list all spells.
The spell is quite dangerous to cast (26% risk of failure)!
Continue anyway?
Your hound barely misses the ice beast.
The ice beast hits Zolin.
The ice beast freezes Zolin.
Zolin resists.
Your hound barely misses the ice beast.
Zolin barely misses the ice beast.
The ice beast hits you. The ice beast freezes you!
Your hound bites the ice beast but does no damage.
You hit the ice beast but do no damage.
Zolin gestures at the ice beast while chanting.
The ice beast resists with some effort.
The ice beast hits you. The ice beast freezes you!
* * * LOW HITPOINT WARNING * * *
Your hound bites the ice beast but does no damage.
Your hound bites the ice beast.
Zolin points at the ice beast and mumbles some strange words.
The ice beast resists with some effort.
Your hound bites the ice beast but does no damage.
The ice beast hits you.
* * * LOW HITPOINT WARNING * * *
The ice beast freezes you!
You die...

..###
##...#
....# #...#
<...# #...#
....# #...#
....#
#g?.?.#...#
#####
#..)..#...#
#.....#...#
#.....#...#
#...##.@.#
#...#.Y..#
#...#Rh.##
##......#
#......#
####...#
#####


You could see the friendly Zolin the hexer, an ice beast (ally target) and a
friendly hound (summoned).

Vanquished Creatures
  A scorpion (D:5)
  A scorpion zombie (D:3)
  A gnoll (D:1)
  3 adders
  2 dart slugs
  9 orcs
  6 ball pythons
  6 endoplasms
  5 giant cockroaches
  5 goblins
  5 hobgoblins
  A quokka (D:4)
  5 bats
  3 frilled lizards
  9 kobolds
  6 rats
68 creatures vanquished.

Vanquished Creatures (collateral kills)
  A black bear (D:4)
  2 orc priests
  3 orc wizards
  A hound skeleton (D:4)
  A gnoll (D:1)
  2 adders
  A white imp (D:5)
  A worm (D:3)
  2 dart slugs (D:2)
  4 orcs
  2 ball pythons
  3 hobgoblins
  2 kobolds
  A quokka (D:3)
26 creatures vanquished.

Vanquished Creatures (others)
  3 hexers
  An ancestor (D:1)
4 creatures vanquished.

Grand Total: 98 creatures vanquished

Notes
Turn   | Place    | Note
-------+----------+-------------------------------------------
     0 | D:1      | fortune76 the Kobold Hunter began the quest for the Orb.
     0 | D:1      | Reached XP level 1. HP: 12/12 MP: 1/1
    24 | D:1      | Found a faded altar of an unknown god.
    30 | D:1      | Reached skill level 5 in Crossbows
    31 | D:1      | Became a worshipper of Hepliaklqana the Forgotten
    31 | D:1      | Reached * piety under Hepliaklqana
    79 | D:1      | Reached XP level 2. HP: 15/15 MP: 2/2
   373 | D:1      | Reached XP level 3. HP: 15/18 MP: 3/3
   574 | D:1      | Reached skill level 1 in Short Blades
  1189 | D:2      | Reached XP level 4. HP: 23/23 MP: 4/4
  1219 | D:2      | Learned a level 3 spell: Spider Form
  1814 | D:2      | Reached ** piety under Hepliaklqana
  1815 | D:2      | Remembered your ancestor Zolin as a hexer
  2253 | D:3      | Reached skill level 6 in Crossbows
  2253 | D:3      | Reached XP level 5. HP: 9/27 MP: 5/5
  2461 | D:3      | Reached skill level 5 in Stealth
  2561 | D:3      | Reached skill level 1 in Spellcasting
  3119 | D:3      | Reached XP level 6. HP: 18/31 MP: 7/9
  3467 | D:4      | Noticed a black bear
  3474 | D:4      | Killed a black bear
  3525 | D:4      | Learned a level 3 spell: Call Canine Familiar
  3991 | D:4      | Reached *** piety under Hepliaklqana
  3991 | D:4      | Found a broken altar of Ashenzari.
  4060 | D:4      | Reached skill level 1 in Summonings
  4060 | D:4      | Reached XP level 7. HP: 36/36 MP: 13/13
  4248 | D:5      | Entered Level 5 of the Dungeon
  4379 | D:5      | Found a staircase to the Ecumenical Temple.
  4460 | D:5      | Slain by an ice beast

Illustrated notes

Levels and vault maps discovered:
D:1:      heliophobic_arrival_enchanted_forest, layout_basic,
          hellmonk_ecumenical_altar_arch_garden, minmay_misc_feat_columns
D:2:      minmay_spotlight, layout_rooms
D:3:      layout_loops_cross
D:4:      layout_rooms, nicolae_ashenzari_skybound
D:5:      kennysheep_spiral_hall, layout_basic, mainiacjoe_overflow_alcove_1,
          minmay_temple_entry_hall, roderic_lattice_a

Skill      XL: |  1  2  3  4  5  6  7 |
---------------+----------------------+-----
Crossbows      | 5 6 |  6.0
Stealth        | 2 3 4 5 |  5.0
Short Blades   | 1 2 |  2.0
Spellcasting   | 2 4 |  4.0
Summonings     | 1 3 |  3.0
Fighting       | |  2.1
Dodging        | |  2.8

Action                   |  1- 3 |  4- 6 |  7- 9 || total
-------------------------+-------+-------+-------++-------
Melee: Short sword       |    15 |    38 |     2 ||    55
       Dagger            |       |    89 |    22 ||   111
 Fire: Hand crossbow     |    35 |    31 |     6 ||    72
Throw: Dart              |       |    12 |       ||    12
 Cast: Call Canine Famil |       |       |     2 ||     2
Invok: Ancestor Identity |     1 |       |       ||     1
       Ancestor Life: He |       |     1 |       ||     1
       Recall Ancestor   |       |     1 |       ||     1
  Use: Scroll            |       |     1 |       ||     1
 Stab: Sleeping          |     1 |    13 |     1 ||    15
       Confused          |       |     2 |       ||     2
       Distracted        |       |     1 |       ||     1
Armor: Leather armour    |     1 |    18 |     3 ||    22
Dodge: Dodged            |     7 |    63 |     9 ||    79
